 Dungeon Crawl Stone Soup version 0.18.1-48-g4cf74bf (webtiles) character file.

56 Lennu the Chiller (level 3, 0/25 HPs)
             Began as a Merfolk Ice Elementalist on July 5, 2016.
             Slain by Crazy Yiuf
             ... wielding a +3 quarterstaff of chaos
              (3 damage)
             ... on level 3 of the Dungeon.
             The game lasted 00:06:50 (3043 turns).

Lennu the Chiller (Merfolk Ice Elementalist)        Turns: 3043, Time: 00:06:50

Health: 0/25       AC:  4    Str:  9    XL:     3   Next: 95%
Magic:  1/6        EV: 12    Int: 14    God:
Gold:   57         SH:  0    Dex: 14    Spells: 1 memorised, 6 levels left

rFire  . . .     SeeInvis .     f - +0 hand axe
rCold  . . .     Gourm    .     h - +0 leather armour
rNeg   . . .     Faith    +     (no shield)
rPois  .         Spirit   .     (no helmet)
rElec  .         Dismiss  .     (no cloak)
rCorr  .         Reflect  .     i - +0 pair of gloves
SustAt .         Harm     .     (no boots)
MR     .....                    t - amulet of faith
Stlth  ++........               (no ring)
                                (no ring)

@: very slightly contaminated, not resistant to hostile enchantments, unstealthy
A: change form in water, swift swim
a: no special abilities


You were on level 3 of the Dungeon.
You were not hungry.

You visited 1 branch of the dungeon, and saw 3 of its levels.

You collected 57 gold pieces.

Inventory:

Hand Weapons
 f - a +0 hand axe (weapon)
Armour
 h - a +0 leather armour (worn)
 i - a +0 pair of gloves (worn)
Jewellery
 t - an amulet of faith (around neck)
Scrolls
 e - 3 scrolls of teleportation {unknown}
 j - 4 scrolls of fog {unknown}
 k - a scroll of recharging {unknown}
 l - a scroll of enchant armour {unknown}
 m - a scroll of amnesia {unknown}
 n - a scroll of magic mapping {unknown}
 r - a scroll of noise {unknown}
 u - a scroll of identify {unknown}
Potions
 a - a potion of degeneration {unknown}
 d - a potion of resistance {unknown}
 o - a potion of berserk rage {unknown}
 p - a potion of might {unknown}
 s - a potion of curing {unknown}
Books
 b - a book of Frost

   Spells                             Type                      Level
   a - Freeze                         Ice                          1
   b - Throw Frost                    Conjuration/Ice              2
   c - Ozocubu's Armour               Charms/Ice                   3
   d - Throw Icicle                   Conjuration/Ice              4
   e - Summon Ice Beast               Ice/Summoning                4
Comestibles
 c - 3 bread rations
 g - 2 chunks of flesh


   Skills:
 * Level 0.7 Fighting
 * Level 0.2 Axes
 * Level 0.4 Armour
 * Level 3.3 Dodging
 + Level 2.5 Stealth
 + Level 2.5 Spellcasting
   Level 0.7 Conjurations
 + Level 3.8 Ice Magic


You had 6 spell levels left.
You knew the following spells:

 Your Spells              Type           Power        Failure   Level  Hunger
a - Freeze                Ice            ##..         10%         1    #......


Dungeon Overview and Level Annotations

Branches:
Dungeon (3/15)

Altars:
Dithmenos

Annotations:
D:3 Crazy Yiuf


Message History

Casting: Freeze
Confirm with . or Enter, or press ? or * to list all spells.
Aiming: Freeze
Press: ? - help, Shift-Dir - straight line, f/p - Crazy Yiuf
Aim: Crazy Yiuf, wielding a quarterstaff of chaos and wearing a cloak (severely wounded)
You miscast Freeze.
You are very lightly contaminated with residual magic.
You hear a crackling sound.
Crazy Yiuf misses you.
Casting: Freeze
Confirm with . or Enter, or press ? or * to list all spells.
Aiming: Freeze
Press: ? - help, Shift-Dir - straight line, f/p - Crazy Yiuf
Aim: Crazy Yiuf, wielding a quarterstaff of chaos and wearing a cloak (severely wounded)
You freeze Crazy Yiuf.
Crazy Yiuf is almost dead.
Crazy Yiuf hits you with a quarterstaff of chaos!
* * * LOW HITPOINT WARNING * * *
Crazy Yiuf burns you.
You die...

#####
#)g.#
#.@.#
#...#
##'##
#.##
##.#
#.##
##.#
##.##
##P..#


You could see Crazy Yiuf.

Vanquished Creatures
  A worm (D:2)
  2 dart slugs (D:2)
  A giant gecko (D:2)
  A ball python (D:2)
  6 bats
  3 giant cockroaches
  4 hobgoblins (D:2)
  6 jackals
  3 giant newts
  4 goblins
  7 kobolds
  6 rats
44 creatures vanquished.

Notes
Turn   | Place    | Note
--------------------------------------------------------------
     0 | D:1      | Lennu the Merfolk Ice Elementalist began the quest for the Orb.
     0 | D:1      | Reached XP level 1. HP: 13/13 MP: 3/3
   592 | D:1      | Reached XP level 2. HP: 17/19 MP: 5/5
  1620 | D:2      | Reached XP level 3. HP: 24/24 MP: 6/6
  1782 | D:2      | Found a shadowy altar of Dithmenos.
  3034 | D:3      | Noticed Crazy Yiuf
  3043 | D:3      | Slain by Crazy Yiuf

Skill      XL: |  1  2 |
---------------+-------+-----
Dodging        | 3 |  3.3
Fighting       | |  0.7
Axes           | |  0.2
Armour         | |  0.4
Stealth        | |  2.5
Spellcasting   | |  2.5
Conjurations   | |  0.7
Ice Magic      | |  3.8

Action                   || total
-------------------------++-------
Melee: Hand axe          ||   121
       Dagger            ||     3
 Cast: Freeze            ||    36
 Stab: Sleeping          ||     4
  Eat: Chunk             ||     4
       Meat ration       ||     1
       Pizza             ||     1
Armor: Robe              ||     6
       Leather armour    ||    40
Dodge: Dodged            ||   138
